 Dungeon Crawl Stone Soup version 0.28-a0-1447-ga5a8893891 (webtiles) character file.

Game seed: 10662466617291801331

121 bande the Skirmisher (level 5, -2/33 HPs)
             Began as a Gargoyle Fighter on Jan 11, 2022.
             Slain by an orc priest (3 damage)
             ... on level 3 of the Dungeon.
             The game lasted 00:04:04 (1922 turns).

bande the Skirmisher (Gargoyle Fighter)             Turns: 1922, Time: 00:04:05

Health: -2/33      AC: 18    Str: 23    XL:     5   Next: 5%
Magic:  5/5        EV:  6    Int:  9    God:
Gold:   74         SH:  4    Dex: 11    Spells: 4/4 levels left

rFire   . . .      SeeInvis .   a - +0 war axe
rCold   . . .      Faith    .   c - +0 buckler
rNeg    + . .      Spirit   .   h - +0 plate armour
rPois   ∞          Reflect  .   (no helmet)
rElec   +          Harm     .   (no cloak)
rCorr   .          Rampage  .   e - +0 pair of gloves of the Amoeba {Str+4}
Will    .....                   b - +0 pair of boots
Stlth   ..........              (no amulet)
HPRegen 0.11/turn               (no ring)
MPRegen 0.09/turn               (no ring)

@: no status effects
A: sickness immunity, AC +4, negative energy resistance 1, electricity
resistance, torment resistance 1, petrification resistance
a: no special abilities


You were on level 3 of the Dungeon.
You visited 1 branch of the dungeon, and saw 3 of its levels.

You collected 74 gold pieces.

Inventory:

Hand Weapons
 a - a +0 war axe (weapon)
Armour
 b - a +0 pair of boots (worn)
 c - a +0 buckler (worn)
 e - the +0 pair of gloves of the Amoeba (worn) {Str+4}
   (You acquired it on level 2 of the Dungeon)

   Str:       It affects your strength (+4).
 f - an orb of wrath
 h - a +0 plate armour (worn)
Scrolls
 g - a scroll of identify
Potions
 d - a potion of might
 j - a potion of heal wounds
 k - a potion of curing {unknown}


   Skills:
 + Level 4.1 Fighting
 + Level 3.4 Axes
 + Level 3.8 Armour
 + Level 0.1 Stealth
 + Level 3.7 Shields


You had 4 spell levels left.
You didn't know any spells.
Your spell library contained the following spells:

 Spells                   Type           Power      Damage    Failure   Level
 Sting                    Tmut/Pois      0%         1d3       100%        1
 Poisonous Vapours        Pois/Air       0%         N/A       100%        2
 Olgreb's Toxic Radiance  Pois           0%         N/A       100%        4


Dungeon Overview and Level Annotations

Branches:
Dungeon (3/15)

Altars:

Shops:
D:1 [


Innate Abilities, Weirdness & Mutations

You are immune to sickness and miasma.
Your stone body is resilient. (AC +4)
You are immune to poison.
You resist negative energy. (rN+)
You are resistant to electric shocks. (rElec)
You are resistant to unholy torment.
You are immune to petrification.


Message History

The orc priest looks satisfied for a moment.
You barely miss the orc. The orc barely misses you.
You slash the orc!
You kill the orc!
You closely miss the orc priest.
The orc priest is heavily wounded.
The orc priest hits you but does no damage. x2
You closely miss the orc priest.
The orc priest is heavily wounded.
The orc priest hits you with a +0 dagger.
You hit the orc priest but do no damage.
The orc priest is heavily wounded.
The orc priest hits you but does no damage.
The orc priest calls down the wrath of Beogh upon you.
Beogh smites you!
You are too injured to fight recklessly!
You are too injured to fight recklessly!
You are too injured to fight recklessly!
You are too injured to fight recklessly!
You are too injured to fight recklessly!
You are too injured to fight recklessly!
You are too injured to fight recklessly!
You barely miss the orc priest.
The orc priest is heavily wounded.
The orc priest looks encouraged for a moment. x3
You slash the orc priest!
You kill the orc priest!
You have reached level 5!
You barely miss the orc priest. You block the orc priest's attack.
You hit the orc priest.
The orc priest is moderately wounded.
The orc priest mumbles some strange prayers to Beogh against you.
Beogh smites you!
* * * LOW HITPOINT WARNING * * *
The orc priest hits you with a +0 club.
* * * LOW HITPOINT WARNING * * *
You closely miss the orc priest.
The orc priest is moderately wounded.
The orc priest hits you with a +0 club.
You die...

##### ###...#
..... #...
##.#########
#...@o...... #
#..#########
######## #..#
.......######..#
...............#
#####..........#
# #..#########
#..# #..#


You could see an orc priest.

Vanquished Creatures
  An orc priest (D:3)
  Jessica (D:2)
  An adder (D:2)
  4 dart slugs
  An orc (D:3)
  3 endoplasms (D:1)
  2 giant cockroaches
  6 goblins
  2 hobgoblins
  4 jackals (D:1)
  8 kobolds
  2 quokkas
  3 bats
  3 frilled lizards
  7 rats
  A spectral goblin (D:3)
49 creatures vanquished.

Vanquished Creatures (others)
  A plant (D:3)
1 creature vanquished.

Grand Total: 50 creatures vanquished

Notes
Turn   | Place    | Note
-------+----------+-------------------------------------------
     0 | D:1      | bande the Gargoyle Fighter began the quest for the Orb.
     0 | D:1      | Reached XP level 1. HP: 14/14 MP: 1/1
   300 | D:1      | Reached XP level 2. HP: 14/19 MP: 2/2
   552 | D:1      | Reached XP level 3. HP: 24/24 MP: 3/3
   677 | D:1      | Found Neas's Armour Shoppe.
  1017 | D:2      | Noticed Jessica
  1028 | D:2      | Killed Jessica
  1029 | D:2      | Reached skill level 4 in Fighting
  1029 | D:2      | Reached XP level 4. HP: 5/29 MP: 4/4
  1420 | D:2      | Identified a scroll of acquirement
  1420 | D:2      | Acquired the +0 pair of gloves of the Amoeba {Str+4}
  1786 | D:3      | Found a faded altar of an unknown god.
  1920 | D:3      | Reached XP level 5. HP: 17/33 MP: 5/5
  1921 | D:3      | HP: 1/33 [orc priest (3)]
  1922 | D:3      | Slain by an orc priest

Illustrated notes

Levels and vault maps discovered:
D:1:      amcnicky_arrival_single_pillar, layout_rooms, serial_shops, shop
D:2:      layout_loops_ring, uniq_jessica
D:3:      cheibrodos_old_hovel, layout_loops_ring,
          dreamdust_ecumenical_altar_drowned_temple

Skill      XL: |  1  2  3  4 |
---------------+-------------+-----
Axes           | 2 3 |  3.4
Fighting       | 4 |  4.1
Armour         | |  3.8
Stealth        | |  0.1
Shields        | |  3.7

Action                   |  1- 3 |  4- 6 || total
-------------------------+-------+-------++-------
Melee: War axe           |    82 |    37 ||   119
  Use: Potion            |     1 |       ||     1
       Scroll            |       |     4 ||     4
Armor: Scale mail        |    45 |       ||    45
       Plate armour      |     1 |    17 ||    18
Dodge: Dodged            |    57 |     6 ||    63
Block: Buckler           |    19 |     4 ||    23

Table legend: (Time is in decaauts)
 A = Elapsed time spent in this place.
 B = Non-inter-level travel time spent in this place.
 C = Inter-level travel time spent in this place.
 D = Time resting spent in this place.
 E = Time spent auto-exploring this place.
 F = Levels seen in this place.
 G = Mean time per level.
                   A        B        C        D        E       F      G
               +--------+--------+--------+--------+--------+-----+--------+
         Total |   1983 |   1983 |      0 |    690 |    866 |   3 |  661.0 |
       Dungeon |   1983 |   1983 |      0 |    690 |    866 |   3 |  661.0 |
               +--------+--------+--------+--------+--------+-----+--------+

Top non-repeatable levels by time:
     D:1: 913 daAuts
     D:2: 846 daAuts
     D:3: 223 daAuts
